 Dungeon Crawl Stone Soup version 0.32-a0-825-g0e82a1035d (webtiles) character file.

Game seed: 542441365936428986

1303 GeoRichter the Grappler (level 8, -8/64 (66) HPs)
             Began as a Red Draconian Shapeshifter on Mar 25, 2024.
             Was an Initiate of Qazlal.
             Mangled by a wight
             ... wielding a +5 great sword of freezing
              (13 damage)
             ... on level 6 of the Dungeon.
             The game lasted 00:08:02 (6330 turns).

GeoRichter the Grappler (DrSh)                      Turns: 6330, Time: 00:08:03

HP:   -8/64 (66)    AC:  6    Str: 23    XL:     8   Next: 31%
MP:   8/8           EV: 11    Int: 11    God:    Qazlal [......]
Gold: 352           SH:  0    Dex: 12    Spells: 7/7 levels left

rFire   + .          .
                       - Unarmed
rCold   . . .        (no shield)
rNeg    . . .        (body armour unavailable)
rPois   .            (helmet currently unavailable)
rElec   .            (cloak currently unavailable)
rCorr   .            (gloves currently unavailable)
SInv    .            (boots currently unavailable)
Will    .....        (no amulet)
Stlth   +            v - +6 ring of strength
HPRegen 0.30/turn    (no ring)
MPRegen 0.11/turn

%: no passive effects
@: about to teleport, beast-form, slowed, studying Hexes, lightly drained, very
slow
A: beast (slay +2), combustion breath, AC +6, unfitting armour, fire resistance
1, cold-blooded
a: Combustion Breath, Begin Untransformation, Renounce Religion


You were on level 6 of the Dungeon.
You worshipped Qazlal.
Qazlal was noncommittal.
You were a hulking beast.
You visited 2 branches of the dungeon, and saw 8 of its levels.

You collected 352 gold pieces.

Inventory:

Missiles
 i - 7 poisoned darts (quivered)
 k - 6 javelins
Jewellery
 v - a +6 ring of strength (left hand)
   (You found it on level 3 of the Dungeon)
 x - a ring of magical power
   (You found it on level 5 of the Dungeon)
Talismans
 b - a beast talisman (active)
 c - a flux talisman
 p - a granite talisman
   (You found it on level 2 of the Dungeon)
Wands
 r - a wand of roots (12)
   (You found it on level 2 of the Dungeon)
 s - a wand of mindburst (11)
   (You found it on level 2 of the Dungeon)
 y - a wand of polymorph (14)
   (You found it on level 4 of the Dungeon)
Scrolls
 e - a scroll of noise {!r}
 f - 2 scrolls of enchant weapon
 n - 2 scrolls of amnesia
 o - a scroll of brand weapon {unknown}
 t - 4 scrolls of teleportation {@r4}
 u - 2 scrolls of vulnerability {!r}
 z - 2 scrolls of fog {unknown}
 B - a scroll of identify {@r1}
 C - 2 scrolls of torment {unknown}
 D - a scroll of blinking {unknown}
 F - a scroll of revelation {unknown}
Potions
 a - a potion of lignification {!q}
 d - a potion of heal wounds {unknown}
 g - 4 potions of curing {@q1}
 h - a potion of might {unknown}
 j - 2 potions of berserk rage
 l - 2 potions of mutation {!q}
 m - 2 potions of magic {unknown}
 q - a potion of attraction {unknown}
 w - a potion of enlightenment {unknown}
 A - a potion of haste {unknown}
 E - 2 potions of brilliance {unknown}


   Skills:
 + Level 4.3 Fighting
 - Level 1.7 Dodging
 - Level 9.0 Unarmed Combat
 * Level 0.0 Evocations
 + Level 4.7 Shapeshifting


You had 7 spell levels left.
You didn't know any spells.
Your spell library contained the following spells:

 Spells                   Type           Power      Damage    Failure   Level
 Apportation              Tloc           0%         N/A       34%         1
 Necrotise                Necr           0%         1d4       34%         1
 Sting                    Conj/Alch      0%         1d3       34%         1
 Summon Small Mammal      Summ           0%         N/A       34%         1
 Call Canine Familiar     Summ           0%         N/A       71%         3
 Sigil of Binding         Hex            0%         N/A       71%         3
 Summon Ice Beast         Ice/Summ       0%         N/A       71%         3
 Dimensional Bullseye     Hex/Tloc       0%         N/A       98%         4
 Summon Mana Viper        Hex/Summ       0%         N/A       100%        5
 Monstrous Menagerie      Summ           0%         N/A       100%        7


Dungeon Overview and Level Annotations

Branches:
Dungeon (7/15) Zot: 26943  Temple (1/1) D:6 Zot: 5945

Altars:
Ashenzari
Cheibriados
Dithmenos
Elyvilon
Fedhas
Gozag
Hepliaklqana
Kikubaaqudgha
Nemelex Xobeh
Qazlal
Ru
Sif Muna
Uskayaw
Vehumet
Xom
Yredelemnul
Zin
The Shining One
Beogh

Annotations:
D:3 3 runed translucent doors, jSlice's ghost, amateur GnCK


Innate Abilities, Weirdness & Mutations

You are a hulking beast.
Your limbs bulge with bestial killing power. (Slay +2)
You can breathe blasts of explosive embers.
Your fiery red scales are hard. (AC +6)
You cannot fit into any form of body armour.
Your flesh is heat resistant. (rF+)
You are cold-blooded and may be slowed by cold attacks.


Message History

You hear a shout!
The wight hits you with a +0 long sword!
You feel drained.
You climb upwards.
There is a stone staircase leading down here.
You punch the wight!
The wight is heavily damaged.
The wight barely misses you.
You punch the wight!
You destroy the wight!
Qazlal accepts your kill.
Your life force feels restored.
Training target 9.0 for Unarmed Combat reached!
Your Unarmed Combat skill increases to level 9!
There is a stone staircase leading down here.
HP restored.
Done exploring.
You climb downwards.
The wight barely misses you.
A wight comes into view. It is wielding a +0 hand axe.
There is a stone staircase leading up here.
The wight hits you with a +5 great sword of freezing.
The wight freezes you.
The wight hits you with a +4 short sword!
You climb upwards.
There is a stone staircase leading down here.
You punch the wight!
The wight is heavily damaged.
The wight hits you with a +4 short sword.
The wight hits you with a +5 great sword of freezing!
You feel drained. The wight freezes you.
You are too injured to fight recklessly!
You are too injured to fight recklessly!
You are too injured to fight recklessly!
Unknown command.
You hit the wight but do no damage.
You tail-slap the wight, but do no damage.
The wight is heavily damaged.
The wight hits you with a +4 short sword.
* * * LOW HITPOINT WARNING * * *
The wight hits you with a +5 great sword of freezing!
* * * LOW HITPOINT WARNING * * *
You feel yourself slow down. The wight freezes you.
* * * LOW HITPOINT WARNING * * *
As you read the scroll of teleportation {@r4}, it crumbles to dust.
You feel strangely unstable.
The wight hits you with a +4 short sword!
* * * LOW HITPOINT WARNING * * *
The wight hits you with a +5 great sword of freezing!
You die...

#########.# ###### #.#
.....####.###### #####
...............##### #######....
...............#...####...<.#....
...................+........#....
...♣♣.♣♣...........##.......#....
....♣.♣..........z...............
..♣.....♣.......h..#.............
..♣♣...♣♣......z......#.......<..
....._.......<........#.....~§~..
#.♣♣...♣♣.............#....~§§~~.
..♣.....♣.........#.......§~~~~~~
....♣.♣...........#.......~§~>§§~
...♣♣.♣♣..................~§§§§~§
...........##..............~§§~~.
...........##...............~~~..


You could see 2 wights.

Vanquished Creatures
  A water moccasin (D:6)
  An ice beast (D:4)
  A sky beast (D:5)
  2 black bears
  An ogre (D:5)
  A centaur (D:5)
  A scorpion (D:4)
  A wight (D:6)
  A bombardier beetle (D:4)
  3 hounds
  A jelly (D:4)
  An orc priest (D:4)
  2 iguanas
  A sleepcap (D:5)
  Natasha (thrice) (D:3)
  3 gnolls (D:4)
  5 adders
  4 white imps
  4 dart slugs
  11 orcs
  6 ball pythons
  7 bats
  5 endoplasms
  4 giant cockroaches
  8 goblins
  12 hobgoblins
  2 jackals (D:3)
  3 quokkas
  2 frilled lizards (D:2)
  15 kobolds
  5 rats
117 creatures vanquished.

Notes
Turn   | Place    | Note
-------+----------+-------------------------------------------
     0 | D:1      | GeoRichter the Draconian Shapeshifter began the quest for
                  | the Orb.
     0 | D:1      | Reached XP level 1. HP: 16/16 MP: 1/1
   296 | D:1      | Reached XP level 2. HP: 18/23 MP: 2/2
   573 | D:1      | Reached skill level 4 in Unarmed Combat
  1069 | D:2      | Reached XP level 3. HP: 28/28 MP: 3/3
  1852 | D:3      | Found a hide-covered altar of Uskayaw.
  1886 | D:3      | Found a radiant altar of Vehumet.
  1887 | D:3      | Noticed Natasha
  1894 | D:3      | Killed Natasha
  1895 | D:3      | Reached skill level 5 in Unarmed Combat
  1895 | D:3      | Reached XP level 4. HP: 27/35 MP: 4/4
  2056 | D:3      | Noticed Natasha
  2095 | D:3      | Found a sacrificial altar of Ru.
  2108 | D:3      | Became a worshipper of Ru the Awakened
  2184 | D:3      | Killed Natasha
  2305 | D:3      | Found a runed translucent gate.
  2305 | D:3      | Found a runed translucent gate.
  2305 | D:3      | Found a runed translucent gate.
  2322 | D:3      | Noticed jSlice's ghost (amateur GnCK)
  2322 | D:3      | Identified the +10 spear of Discretion {drain, Str+3 Int+2}
  2414 | D:3      | Noticed Natasha
  2425 | D:3      | Killed Natasha
  2426 | D:3      | Reached XP level 5. HP: 29/40 MP: 5/5
  2485 | D:3      | Found an ancient bone altar of Kikubaaqudgha.
  2821 | D:3      | Found a roughly hewn altar of Beogh.
  2869 | D:4      | Reached skill level 6 in Unarmed Combat
  3562 | D:4      | Reached XP level 6. HP: 47/47 MP: 6/6
  3562 | D:4      | Found a hazy altar of Hepliaklqana.
  3707 | D:4      | Reached skill level 7 in Unarmed Combat
  3914 | D:4      | Fell from the grace of Ru
  4214 | D:5      | Entered Level 5 of the Dungeon
  4338 | D:5      | Your scales start taking on a fiery red colour.
  4338 | D:5      | Reached XP level 7. HP: 45/56 MP: 7/7
  4338 | D:5      | Gained mutation: Your flesh is heat resistant. (rF+) [Red
                  | Draconian growth]
  4810 | D:4      | Reached skill level 8 in Unarmed Combat
  5263 | D:5      | Found a broken altar of Ashenzari.
  5285 | D:5      | Found a basalt altar of Yredelemnul.
  5381 | D:5      | Found a shimmering blue altar of Sif Muna.
  5439 | D:6      | Found a staircase to the Ecumenical Temple.
  5450 | D:6      | Reached XP level 8. HP: 62/66 MP: 8/8
  5459 | Temple   | Entered the Ecumenical Temple
  5489 | Temple   | Became a worshipper of Qazlal Stormbringer
  5783 | D:6      | Found a sparkling altar of Nemelex Xobeh.
  6095 | D:6      | Found a glowing silver altar of Zin.
  6296 | D:6      | Reached skill level 9 in Unarmed Combat
  6330 | D:6      | Mangled by a wight

Illustrated notes

Levels and vault maps discovered:
D:1:      dpeg_arrival_chambers_temple_mockup, layout_basic
D:2:      layout_loops_corners, minmay_misc_feat_enclosed, minmay_circle_x
D:3:      layout_basic, mainiacjoe_overflow_alcove_1, kiku_gazebo_garden_becter,
          nicolae_ru_awakened_eye, nicolae_vehumet_altar_sigil,
          biasface_ghost_orc_armoury, kennysheep_generic_room_2, uniq_natasha
D:4:      layout_loops_ring, nicolae_hepliaklqana_hippocampus, serial_rivers,
          chequers_serial_rivers_micro_e, chequers_serial_rivers_large_b,
          chequers_serial_rivers_room_b, chequers_serial_rivers_small_b
D:5:      layout_basic, lemuel_blue_sif_altar, mainiacjoe_overflow_two_lobes,
          minmay_tree_intersection
D:6:      corexii_shack_village, layout_basic,
          nemelex_xobeh_ov_fountains_minmay,
          mainiacjoe_overflow_small_starburst, minmay_temple_entry_mist
D:7:      layout_loops_ring, makhleb_grotto_becter
Temple:   pf_temple_reverse_labyrinth

Skill      XL: |  1  2  3  4  5  6  7  8 |
---------------+-------------------------+-----
Unarmed Combat | 4 5 6 7 8 9 |  9.0
Fighting       | 2 3 4 |  4.3
Shapeshifting  | 4 |  4.7
Dodging        | |  1.7

Action                     |  1- 3 |  4- 6 |  7- 9 || total
---------------------------+-------+-------+-------++-------
  Melee: Unarmed           |    83 |   119 |    88 ||   290
         Tailslap          |     5 |    13 |    11 ||    29
         Punch             |     1 |     6 |     2 ||     9
  Throw: Dart              |     1 |     6 |    16 ||    23
 Invoke: Renounce Religion |       |     1 |       ||     1
    Use: Scroll            |     1 |     7 |     1 ||     9
   Stab: Sleeping          |     1 |     1 |     1 ||     3
 Armour: Skin              |    33 |    58 |    69 ||   160
  Dodge: Dodged            |    46 |    56 |    43 ||   145

Table legend: (Time is in decaauts)
 A = Elapsed time spent in this place.
 B = Non-inter-level travel time spent in this place.
 C = Inter-level travel time spent in this place.
 D = Time resting spent in this place.
 E = Time spent auto-exploring this place.
 F = Levels seen in this place.
 G = Mean time per level.
                   A        B        C        D        E       F      G
               +--------+--------+--------+--------+--------+-----+--------+
         Total |   6342 |   5861 |    481 |    409 |   4443 |   8 |  792.8 |
       Dungeon |   6287 |   5854 |    433 |    409 |   4443 |   7 |  898.1 |
        Temple |     54 |      6 |     48 |      0 |      0 |   1 |   54.0 |
               +--------+--------+--------+--------+--------+-----+--------+

Top non-repeatable levels by time:
     D:4: 1346 daAuts
     D:3: 1274 daAuts
     D:5: 1011 daAuts
     D:2: 1007 daAuts
     D:6: 830 daAuts
     D:1: 811 daAuts
  Temple: 54 daAuts
     D:7: 6 daAuts
